 Dungeon Crawl Stone Soup version 0.30.0-10-gfe55d96785 (webtiles) character file.

Game seed: 13961257980379415363

1759 voltaire321 the Trooper (level 8, 0/96 (106) HPs)
             Began as a Minotaur Fighter on May 13, 2023.
             Was a Believer of Okawaru.
             Slain by a wight
             ... wielding a +0 falchion
              (2 damage)
             ... on level 7 of the Dungeon.
             The game lasted 00:09:48 (5096 turns).

voltaire321 the Trooper (Minotaur Fighter)          Turns: 5096, Time: 00:09:49

HP:   0/96 (106)    AC: 24    Str: 22    XL:     8   Next: 79%
MP:   9/9           EV:  2    Int:  7    God:    Okawaru [**....]
Gold: 384           SH:  5    Dex:  9    Spells: 7/7 levels left

rFire   . . .        B - +0 broad axe
rCold   . . .        c - +0 buckler
rNeg    . . .        f - melded +0 chain mail
rPois   +            (helmet currently unavailable)
rElec   .            p - melded +0 cloak
rCorr   .            (gloves currently unavailable)
SInv    .            a - melded +2 pair of boots
Will    .....        (no amulet)
Stlth   +            (no ring)
HPRegen 0.36/turn    (no ring)
MPRegen 0.11/turn

%: no passive effects
@: tree-form, studying Unarmed Combat, drained
A: stationary, stasis, torment immunity, boosted hp, (horns 2), (retaliatory
headbutt)
a: Renounce Religion, Heroism


You were on level 7 of the Dungeon.
You worshipped Okawaru.
Okawaru was pleased with you.
You were a tree.
You visited 1 branch of the dungeon, and saw 7 of its levels.

You collected 408 gold pieces.
You spent 24 gold pieces at shops.

Inventory:

Hand Weapons
 B - a +0 broad axe (weapon)
Missiles
 k - 2 silver boomerangs
 q - a throwing net
 w - 11 poisoned darts (quivered)
Armour
 a - a +2 pair of boots (melded)
 c - a +0 buckler (worn)
 f - a +0 chain mail (melded)
 p - a +0 cloak (melded)
 C - +0 steam dragon scales
Jewellery
 g - a ring of magical power
 r - a +6 ring of intelligence
 x - a ring of protection from fire
Wands
 D - a wand of mindburst (3)
Scrolls
 b - 2 scrolls of vulnerability {unknown}
 i - 10 scrolls of identify
 o - 3 scrolls of teleportation {unknown}
 t - a scroll of enchant armour {unknown}
 u - a scroll of silence {unknown}
 v - a scroll of fog {unknown}
 y - 3 scrolls of immolation {unknown}
Potions
 d - a potion of might
 e - 2 potions of haste
 h - 3 potions of curing {unknown}
 j - a potion of brilliance {unknown}
 l - 2 potions of lignification
 m - a potion of invisibility {unknown}
 n - 2 potions of flight {unknown}
 s - 2 potions of mutation {unknown}
 z - a potion of berserk rage {unknown}
 A - 2 potions of attraction {unknown}


   Skills:
 + Level 6.5 Fighting
 + Level 5.8 Axes
 + Level 3.5 Throwing
 + Level 6.3 Armour
 + Level 4.6 Dodging
 + Level 6.4 Shields
 + Level 3.5 Invocations


You had 7 spell levels left.
You didn't know any spells.
Your spell library contained the following spells:

 Spells                   Type           Power      Damage    Failure   Level
 Ozocubu's Armour         Ice            0%         N/A       86%         3
 Metabolic Englaciation   Hex/Ice        0%         N/A       100%        5
 Eringya's Noxious Bog    Tmut/Pois      0%         N/A       100%        6
 Orb of Destruction       Conj           0%         9d5       100%        7
 Summon Guardian Golem    Hex/Summ       Unusable   N/A       N/A         3
 Summon Forest            Summ/Tloc      Unusable   N/A       N/A         5
 Simulacrum               Ice/Necr       Unusable   N/A       N/A         6
 Spellforged Servitor     Conj/Summ      Unusable   N/A       N/A         7
 Summon Hydra             Summ           Unusable   N/A       N/A         7

Dungeon Overview and Level Annotations

Branches:
Dungeon (7/15)             Temple (0/1) D:5

Altars:
Hepliaklqana
Okawaru
Ru
Uskayaw
Wu Jian

Shops:
D:1 ?


Innate Abilities, Weirdness & Mutations

You are a tree.
Your roots penetrate the ground, keeping you stationary.
You cannot be teleported.
You are immune to unholy pain and torment.
Your maximum health is greatly increased.
Your equipment is partially melded.
((You have a pair of horns on your head.))
((You reflexively headbutt those who attack you in melee.))


Message History

The wight hits you but does no damage. x2; The wight hits you with a +3 flail!
The wight barely misses you. The wight hits you with a +0 falchion!
The wight completely misses you. You furiously retaliate!
You headbutt the wight. The wight barely misses you.
You block the wight's attack. The wight barely misses you.
You closely miss the wight. You hit the wight but do no damage.
You closely miss the wight. x2; You slash the wight! x2
The wight hits you but does no damage.
The wight hits you with a +2 long sword.
The wight hits you with a +3 flail!
* * * LOW HITPOINT WARNING * * *
You feel drained.
* * * LOW HITPOINT WARNING * * *
The wight hits you but does no damage. You block the wight's attack.
The wight hits you but does no damage.
You slash the wight!
You destroy the wight!
Okawaru accepts your kill.
You hit the wight. You barely miss the wight.
You hit the wight but do no damage. You barely miss the wight.
You closely miss the wight. The wight misses you. You furiously retaliate!
You headbutt the wight.
The wight hits you but does no damage. x2
The wight hits you with a +3 flail!
* * * LOW HITPOINT WARNING * * *
You feel drained.
* * * LOW HITPOINT WARNING * * *
The wight barely misses you.
It was a potion of lignification.
You turn into a tree.
Your +0 cloak melds into your body.
Your +2 pair of boots melds into your body.
Your +0 chain mail melds into your body.
Your roots penetrate the ground.
The wight hits you but does no damage. x3
The wight barely misses you. The wight hits you but does no damage.
You slash the wight!
You destroy the wight!
Okawaru accepts your kill.
You barely miss the wight. You hit the wight but do no damage.
You closely miss the wight. You hit the wight.
The wight hits you with a +0 falchion.
You die...

#.........#
#.........#
#.........#
#.........#
#.........#
#.........#
#...zz)...#
#...z♣)...#
#.>..z....#
#########.#
#


You could see 4 wights.

Vanquished Creatures
  Maggie (D:6)
  Eustachio (D:6)
  A sky beast (D:6)
  2 black bears (D:6)
  A bullfrog (D:6)
  Blork the orc (D:5)
  4 scorpions
  4 wights (D:7)
  A howler monkey (D:6)
  4 hounds
  An iguana (D:5)
  3 orc wizards
  Natasha (thrice) (D:3)
  3 gnolls (D:3)
  7 adders
  An ufetubus (D:4)
  3 worms
  2 dart slugs
  18 orcs
  A bat (D:2)
  3 endoplasms
  4 giant cockroaches
  8 goblins
  7 hobgoblins
  11 jackals
  3 quokkas
  5 ball pythons
  4 frilled lizards
  6 kobolds
  5 rats
118 creatures vanquished.

Notes
Turn   | Place    | Note
-------+----------+-------------------------------------------
     0 | D:1      | voltaire321 the Minotaur Fighter began the quest for the
                  | Orb.
     0 | D:1      | Reached XP level 1. HP: 19/19 MP: 0/0
    92 | D:1      | Reached XP level 2. HP: 27/27 MP: 1/1
   254 | D:1      | Found Lihoeger's Magic Scroll Shoppe.
   257 | D:1      | Bought a scroll of identify for 24 gold pieces
   496 | D:1      | Reached skill level 1 in Dodging
   797 | D:2      | Reached XP level 3. HP: 30/33 MP: 2/2
  1703 | D:3      | Reached XP level 4. HP: 40/40 MP: 3/3
  1778 | D:3      | Found a sacrificial altar of Ru.
  2033 | D:3      | Found an ornate altar of the Wu Jian Council.
  2173 | D:3      | Found an iron altar of Okawaru.
  2358 | D:3      | Became a worshipper of Warmaster Okawaru
  2497 | D:3      | Noticed Natasha
  2504 | D:3      | Killed Natasha
  2505 | D:3      | Reached XP level 5. HP: 45/47 MP: 4/4
  2756 | D:3      | Noticed Natasha
  2758 | D:3      | Killed Natasha
  2821 | D:3      | Noticed Natasha
  2827 | D:3      | Killed Natasha
  2936 | D:4      | Found a hide-covered altar of Uskayaw.
  3018 | D:4      | Reached skill level 1 in Invocations
  3018 | D:4      | Reached XP level 6. HP: 48/53 MP: 5/5
  3172 | D:4      | Found a hazy altar of Hepliaklqana.
  3277 | D:4      | Reached skill level 1 in Throwing
  3574 | D:5      | Entered Level 5 of the Dungeon
  3609 | D:5      | Reached * piety under Okawaru
  3728 | D:5      | Reached skill level 5 in Fighting
  3731 | D:5      | Reached skill level 5 in Armour
  3769 | D:5      | Reached skill level 5 in Shields
  3863 | D:5      | Found a staircase to the Ecumenical Temple.
  3892 | D:5      | Reached XP level 7. HP: 52/61 MP: 7/7
  4060 | D:5      | Noticed Blork the orc
  4075 | D:5      | Killed Blork the orc
  4479 | D:6      | Noticed Maggie
  4496 | D:6      | Killed Maggie
  4496 | D:6      | Reached ** piety under Okawaru
  4497 | D:6      | Reached skill level 5 in Axes
  4497 | D:6      | Reached XP level 8. HP: 30/70 MP: 7/9
  4831 | D:6      | Noticed Eustachio
  4848 | D:6      | Killed Eustachio
  5094 | D:7      | HP: 3/65 [wight/+3 flail (10)]
  5094 | D:7      | HP: 1/63 [wight/+3 flail (2)]
  5096 | D:7      | Slain by a wight

Illustrated notes

Levels and vault maps discovered:
D:1:      scummos_arrival_gate, layout_loops_ring, serial_shops,
          nicolae_shop_real_fake_doors
D:2:      layout_basic, ebering_dispersal_statue_hall, minmay_fractal_squares_5
D:3:      layout_basic, mainiacjoe_overflow_alcove_4, nicolae_ru_awakened_eye,
          nicolae_wu_jian_immortal_techniques, uniq_natasha
D:4:      layout_basic, mainiacjoe_overflow_boulevard,
          mainiacjoe_overflow_surrounded_room, st_stairs_1
D:5:      layout_basic, minmay_temple_entry_from_below_a, grunt_decor_cap,
          uniq_blork_the_orc
D:6:      layout_rooms, hangedman_decor_clover_reticule, uniq_maggie,
          uniq_eustachio
D:7:      minmay_flawed_box, layout_gridville, corexii_corridor_pit,
          chequers_garden, serial_bayou_pond_b

Skill      XL: |  1  2  3  4  5  6  7  8 |
---------------+-------------------------+-----
Dodging        | 1 2 3 4 |  4.6
Fighting       | 4 5 6 |  6.5
Armour         | 4 5 6 |  6.3
Axes           | 3 4 5 |  5.8
Shields        | 4 5 6 |  6.4
Invocations    | 1 2 3 |  3.5
Throwing       | 1 2 3 |  3.5

Action                     |  1- 3 |  4- 6 |  7- 9 || total
---------------------------+-------+-------+-------++-------
  Melee: War axe           |    70 |   120 |    10 ||   200
         Headbutt          |     9 |    14 |    10 ||    33
         Broad axe         |       |       |    81 ||    81
  Throw: Dart              |       |       |    17 ||    17
         Throwing net      |       |       |     1 ||     1
    Use: Scroll            |     1 |       |       ||     1
         Potion            |       |       |     2 ||     2
 Armour: Scale mail        |     2 |       |       ||     2
         Chain mail        |    22 |    89 |    86 ||   197
         Skin              |       |       |     4 ||     4
  Dodge: Dodged            |    28 |    55 |    42 ||   125
  Block: Buckler           |    20 |    25 |    22 ||    67
